 Dungeon Crawl Stone Soup version 0.23.2 (webtiles) character file.

Game seed: 16348326090161810997

254 Borgoz the Cutter (level 6, -6/51 HPs)
             Began as a Ghoul Gladiator on Apr 3, 2019.
             Mangled by an iguana (7 damage)
             ... on level 4 of the Dungeon.
             The game lasted 00:03:05 (2746 turns).

Borgoz the Cutter (Ghoul Gladiator)                 Turns: 2746, Time: 00:03:05

Health: -6/51      AC:  5    Str: 18    XL:     6   Next: 15%
Magic:  5/5        EV: 13    Int:  3    God:
Gold:   108        SH:  0    Dex: 12    Spells: 5/5 levels left

rFire    . . .     SeeInvis .   a - +0 rapier
rCold    + . .     Gourm    .   (no shield)
rNeg     + + +     Faith    .   b - +0 leather armour
rPois    ∞         Spirit   .   c - +0 helmet
rElec    .         Reflect  .   s - +0 cloak
rCorr    .         Harm     .   (no gloves)
MR       .....                  (no boots)
Stlth    ++........             (no amulet)
HPRegen  0.00/turn              (no ring)
MPRegen  0.09/turn              (no ring)

@: rotting
A: rotting body, claws 1, carnivore, cold resistance 1, negative energy
resistance 3, inhibited regeneration, torment resistance, unbreathing
a: no special abilities


You were on level 4 of the Dungeon.
You were not hungry.

You visited 1 branch of the dungeon, and saw 4 of its levels.

You collected 108 gold pieces.

Inventory:

Hand Weapons
 a - a +0 rapier (weapon)
 r - a +4 quarterstaff of chaos
Missiles
 d - 2 throwing nets (quivered)
Armour
 b - a +0 leather armour (worn)
 c - a +0 helmet (worn)
 s - a +0 cloak (worn)
Scrolls
 e - a scroll of enchant weapon {unknown}
 h - 3 scrolls of immolation {unknown}
 k - a scroll of fog {unknown}
 l - a scroll of fear {unknown}
 n - a scroll of identify {unknown}
 o - 2 scrolls of teleportation {unknown}
Comestibles
 f - 4 rations


   Skills:
 + Level 3.1 Fighting
 * Level 3.8 Short Blades
 - Level 1.7 Throwing
 * Level 2.3 Armour
 * Level 3.8 Dodging
 + Level 2.2 Stealth


You had 5 spell levels left.
You didn't know any spells.
Your spell library was empty.

Dungeon Overview and Level Annotations

Branches:
Dungeon (4/15)
 Temple: D:4-7

Altars:
Okawaru
Wu Jian


Innate Abilities, Weirdness & Mutations

Your body is rotting away.
You thrive on raw meat.
You are immune to poison.
You have sharp fingernails.
You are carnivorous and can eat meat at any time.
Your flesh is cold resistant. (rC+)
You are immune to negative energy. (rN+++)
You do not regenerate when monsters are visible.
You are immune to unholy pain and torment.
You can survive without breathing.


Message History

You hit the centaur skeleton.
The centaur skeleton is severely damaged.
The centaur skeleton barely misses you. The centaur skeleton hits you.
* * * LOW HITPOINT WARNING * * *
You puncture the centaur skeleton!
You destroy the centaur skeleton!
You have reached level 6!
Your experience leads to an increase in your attributes!
Increase (S)trength, (I)ntelligence, or (D)exterity?
You feel agile.
You hit the bullfrog skeleton.
The bullfrog skeleton is almost destroyed.
The bullfrog skeleton hits you!
* * * LOW HITPOINT WARNING * * *
You hit the bullfrog skeleton.
You destroy the bullfrog skeleton!
You hit the iguana.
The iguana is moderately wounded.
The iguana bites you!
You die...

#..# #.. #.. .
#.. ?. #.# ...
#.# .... #.# #
%..(. #@# .#
......#l###.#
.......<....#
..........#####
..............#
#.....[........#
#=.............#
########.......#
#....#.##


You could see an iguana.

Vanquished Creatures
  Crazy Yiuf (D:3)
  A bullfrog skeleton (D:4)
  A hound (D:3)
  A centaur skeleton (D:4)
  A worker ant (D:4)
  A howler monkey skeleton (D:2)
  4 adders
  A worm (D:2)
  3 leopard geckos
  6 orcs (D:3)
  A ball python (D:1)
  10 bats
  3 giant cockroaches
  9 goblins
  5 hobgoblins
  2 kobolds (D:1)
  A quokka (D:3)
  3 frilled lizards
  10 rats
64 creatures vanquished.

Notes
Turn   | Place    | Note
-------+----------+-------------------------------------------
     0 | D:1      | Borgoz the Ghoul Gladiator began the quest for the Orb.
     0 | D:1      | Reached XP level 1. HP: 17/17 MP: 0/0
   144 | D:1      | Reached XP level 2. HP: 20/24 MP: 1/1
   881 | D:2      | Reached skill level 1 in Armour
   881 | D:2      | Reached XP level 3. HP: 24/29 MP: 2/2
  1085 | D:2      | Reached skill level 1 in Stealth
  1103 | D:2      | Found a faded altar of an unknown god.
  1226 | D:2      | Reached XP level 4. HP: 36/37 MP: 3/3
  1349 | D:2      | Found an iron altar of Okawaru.
  1350 | D:2      | Found an ornate altar of the Wu Jian Council.
  1755 | D:3      | Found a runed translucent door.
  1756 | D:3      | Noticed Crazy Yiuf
  1791 | D:3      | Reached XP level 5. HP: 38/44 MP: 4/4
  2506 | D:3      | Paralysed by Crazy Yiuf for 2 turns
  2508 | D:3      | Killed Crazy Yiuf
  2743 | D:4      | Reached XP level 6. HP: 8/51 MP: 5/5
  2744 | D:4      | HP: 1/51 [bullfrog skeleton (7)]
  2746 | D:4      | Mangled by an iguana

Skill      XL: |  1  2  3  4  5 |
---------------+----------------+-----
Short Blades   | 3 |  3.8
Armour         | 1 2 |  2.3
Dodging        | 3 |  3.8
Stealth        | 1 2 |  2.2
Fighting       | 3 |  3.1
Throwing       | |  1.7

Action                   |  1- 3 |  4- 6 || total
-------------------------+-------+-------++-------
Melee: Rapier            |   116 |   136 ||   252
Throw: Throwing net      |       |     1 ||     1
  Use: Potion            |       |     7 ||     7
 Stab: Sleeping          |       |     3 ||     3
       Held in net/web   |       |     1 ||     1
  Eat: Chunk             |     4 |     6 ||    10
Armor: Leather armour    |    39 |    28 ||    67
Dodge: Dodged            |    84 |    83 ||   167
